Map: Abyssal Reef LE

Players

Amungus - Winner!

  • Race: Zerg Zerg
  • League: Silver
  • Spawn Location: 11:00

capitalDee

  • Race: Terran Terran
  • League: Silver
  • Spawn Location: 5:00

VOD

Have the link to the VOD?

Description

stream cast zvt ending with bane muta ,

Time

  • Played on: Nov. 18, 2017, 4:29 p.m.
  • Length: 17:17
Show
View Real Time Build Order
Export as new Build Order

Amungus Zerg - Winner!

Build Orders: 3 Hatch before Pool 

Get SALT Encoding   

  12  0:07  Drone  
  12  0:08  Drone  
  14  0:15  Extractor  
  14  0:18  Drone  
  15  0:24  Overlord  
  16  0:42  Drone  
  16  0:44  Drone  
  17  0:51  Drone  
  18  1:05  Hatchery  
  18  1:08  Drone  
  18  1:23  Hatchery  
  17  1:35  Spawning Pool  
  17  1:38  Drone  
  17  1:43  Drone x2  
  19  1:54  Extractor  
  18  1:57  Drone  
  19  2:04  Evolution Chamber  
  19  2:05  Evolution Chamber  
  17  2:08  Drone  
  17  2:11  Drone  
  19  2:17  Drone  
  20  2:24  Overlord  
  20  2:42  Extractor  
  20  2:43  Drone x2  
  20  2:44  Drone  
  22  2:46  Zergling x4  
  22  2:48  Zergling x2  
  22  2:49  Zergling x2  
  26  2:52  Queen  
  28  3:06  Zergling x8  
  32  3:13  Metabolic Boost  
  32  3:18  Drone x2  
  34  3:20  Drone  
  35  3:32  Zergling x2  
  35  3:33  Zergling x4  
  38  3:43  Lair  
  38  3:48  Drone x2  
  38  3:49  Drone  
  38  3:51  Drone  
  42  3:56  Overlord  
  42  4:18  Drone x2  
  42  4:19  Drone x2  
  42  4:21  Zergling x4  
  42  4:22  Zergling x4  
  42  4:24  Overlord  
  50  4:31  Spore Crawler  
  50  4:33  Spore Crawler  
  50  4:36  Drone  
  50  4:37  Drone  
  50  4:47  Overlord  
  50  4:58  Roach Warren  
  49  5:05  Drone  
  49  5:06  Infestation Pit  
  49  5:07  Drone x4  
  49  5:08  Drone x2  
  49  5:13  Queen  
  57  5:20  Extractor  
  56  5:21  Extractor  
  56  5:27  Spore Crawler  
  54  5:31  Spore Crawler  
  54  5:33  Overlord  
  54  5:34  Overlord x2  
  52  5:48  Roach x3  
  56  5:53  Roach  
  56  5:54  Roach x3  
  62  6:07  Roach x3, Zergling x4  
  68  6:26  Roach x3, Zergling x4  
  76  6:39  Glial Reconstitution  
  76  6:45  Hive  
  76  6:50  Drone x3  
  76  6:52  Drone x3  
  82  6:54  Overlord x2  
  82  7:12  Extractor  
  65  7:24  Ravager x5  
  65  7:25  Ravager x2  
  65  7:27  Roach x4  
  65  7:28  Roach x3, Zergling x4  
  88  7:44  Zerg Missile Weapons Level 1  
  88  7:47  Zerg Ground Armor Level 1  
  88  7:56  Drone  
  88  7:57  Drone x2  
  91  7:59  Drone  
  91  8:01  Drone x3  
  91  8:05  Zergling x4  
  97  8:23  Overlord x3  
  63  8:51  Roach x3, Zergling x2  
  63  8:52  Roach x2, Zergling x4  
  72  9:17  Roach x3, Zergling x6  
  72  9:18  Roach  
  63  9:54  Spire  
  63  9:59  Zerg Missile Weapons Level 2, Zerg Ground Armor Level 2  
  62  10:01  Spire  
  62  10:04  Roach  
  62  10:05  Roach x8  
  79  10:24  Hatchery  
  79  10:25  Overlord x3  
  78  10:31  Queen  
  80  11:02  Roach x9  
  98  11:06  Queen  
  98  11:09  Ravager x3  
  98  11:10  Ravager x5  
  98  11:11  Ravager  
  109  11:13  Roach x3  
  115  11:20  Greater Spire  
  115  11:22  Zerg Flyer Weapons Level 1  
  115  11:29  Overseer x5  
  115  11:35  Drone  
  115  11:36  Drone x6  
  115  11:37  Drone  
  123  11:42  Queen  
  125  11:49  Roach x2  
  125  11:50  Roach x2  
  133  12:14  Mutalisk x5  
  133  12:15  Mutalisk  
  145  12:38  Corruptor  
  145  12:39  Corruptor x2  
  145  12:41  Zergling x2  
  145  12:44  Overlord x3  
  141  13:09  Corruptor x2  
  141  13:11  Zergling x8  
  141  13:12  Zergling x26  
  162  13:16  Zerg Flyer Armor Level 1  
  162  13:30  Brood Lord  
  162  13:31  Brood Lord  
  166  13:36  Brood Lord  
  168  13:55  Overlord x2  
  168  13:56  Overlord  
  168  13:57  Overlord x3  
  168  13:58  Overlord x3  
  168  13:59  Overlord x4  
  77  14:25  Brood Lord x2  
  77  14:27  Roach x2, Zergling x4  
  77  14:28  Roach x2, Zergling x6  
  94  14:43  Mutalisk  
  94  14:44  Mutalisk x4  
  79  15:19  Zergling x2  
  79  15:20  Zergling x22  
  85  15:35  Roach x4  
  93  15:51  Zergling x4  
  93  15:52  Zergling x4  
  97  16:10  Roach  
  97  16:11  Roach x5  
  105  16:12  Roach x2  
  113  16:31  Roach x4  
  113  16:32  Roach x6  
  127  16:34  Zergling x2  
  117  16:56  Zergling x2  
  117  16:57  Zergling x2  
Show
View Real Time Build Order
Export as new Build Order

capitalDee Terran 

Build Orders:  

Get SALT Encoding   

  12  0:03  SCV  
  13  0:18  Supply Depot  
  13  0:19  SCV  
  14  0:35  Supply Depot  
  14  0:37  SCV  
  15  0:46  Barracks  
  15  0:49  SCV  
  16  1:04  Refinery  
  16  1:05  Refinery  
  16  1:06  SCV  
  17  1:20  SCV  
  18  1:34  Orbital Command  
  18  1:40  Marine  
  19  2:01  SCV  
  20  2:06  Factory  
  20  2:13  SCV  
  20  2:15  Barracks Tech Lab  
  21  2:25  SCV  
  22  2:30  Supply Depot  
  22  2:31  Supply Depot  
  22  2:37  SCV  
  23  2:50  Factory Reactor  
  23  3:06  Command Center  
  23  3:14  SCV  
  23  3:19  Armory  
  24  3:27  Cyclone x2  
  30  3:49  Engineering Bay  
  30  3:59  Cyclone x2  
  36  4:06  Starport  
  36  4:13  Terran Vehicle Weapons Level 1  
  36  4:14  SCV  
  37  4:51  Planetary Fortress  
  37  5:12  Liberator, Barracks Tech Lab  
  37  5:29  Refinery  
  40  5:42  Cyclone  
  43  5:48  SCV  
  44  5:53  Refinery  
  44  6:00  SCV  
  39  6:21  Hellion x2  
  43  6:35  SCV x2  
  45  6:44  Terran Vehicle Weapons Level 2  
  45  6:47  SCV x2  
  45  6:49  Hellion x2  
  51  6:59  SCV x2  
  53  7:02  Factory  
  50  7:25  SCV x2  
  52  7:37  SCV x2  
  54  7:49  SCV  
  55  7:51  Infernal Pre-Igniter  
  55  7:54  Hellion x2  
  59  7:58  Refinery  
  59  7:59  Refinery  
  59  8:00  Missile Turret  
  59  8:10  Command Center  
  59  8:15  Building Armor  
  59  8:30  Liberator  
  53  8:43  Hellion  
  53  8:44  Cyclone x2  
  57  8:57  Marine  
  56  9:06  Bunker  
  53  9:15  Marine  
  53  9:18  Siege Tank  
  56  9:32  Marine  
  57  9:55  Hi-Sec Auto Tracking  
  57  9:57  Siege Tank  
  57  9:59  Terran Vehicle Weapons Level 3  
  60  10:02  Planetary Fortress  
  60  10:07  SCV x2  
  64  10:19  SCV x2  
  64  10:21  Hellion x2  
  68  10:31  SCV x2  
  70  10:42  Hellion x2  
  74  10:43  SCV x2  
  76  10:51  Missile Turret  
  76  10:55  SCV  
  77  11:06  Missile Turret x2  
  77  11:07  Missile Turret x2  
  77  11:08  Missile Turret  
  77  11:09  Missile Turret x2  
  77  11:11  Missile Turret  
  77  11:12  Missile Turret x2  
  77  11:13  Missile Turret  
  77  11:14  Missile Turret  
  77  11:27  Missile Turret x2  
  77  11:28  Missile Turret  
  77  11:38  Missile Turret  
  77  11:44  Supply Depot x2  
  77  12:06  Thor, SCV  
  84  12:27  Thor  
  90  12:33  Viking  
  92  12:39  Supply Depot  
  92  12:43  Supply Depot  
  92  12:44  Supply Depot  
  92  12:51  Viking  
  78  13:14  Thor  
  78  13:16  Thor  
  90  13:50  Starport Tech Lab  
  90  13:52  Starport  
  72  14:35  Starport Tech Lab  
  58  15:24  Liberator  
  58  15:29  Thor  
  58  15:31  Thor  
  70  15:39  Banshee  
  76  15:59  Command Center  
Tags
 
Add a new tag
Caveats
  • Supply blocks, unpowered buildings, or Contaminate may cause inaccurate times.
  • Supply counts are checked every 10 seconds.